 Dungeon Crawl Stone Soup version 0.22-a0-351-g29664b4 (webtiles) character file.

10998 nikopol the Thaumaturge (level 11, -10/55 HPs)
             Began as a Deep Elf Fire Elementalist on Apr 12, 2018.
             Was a Believer of Vehumet.
             Mangled by a yak (14 damage)
             ... on level 10 of the Dungeon.
             The game lasted 00:57:14 (15535 turns).

nikopol the Thaumaturge (DEFE)                     Turns: 15535, Time: 00:57:15

Health: -10/55     AC:  4    Str:  8    XL:     11   Next: 43%
Magic:  29/29      EV: 15    Int: 24    God:    Vehumet [**....]
Gold:   325        SH:  5    Dex: 15    Spells: 20/35 levels left

rFire    . . .     SeeInvis +   M - staff of poison (curse)
rCold    . . .     Gourm    .   g - +0 buckler
rNeg     . . .     Faith    .   a - +0 robe
rPois    +         Spirit   .   (no helmet)
rElec    .         Reflect  .   E - +0 cloak
rCorr    .         Harm     .   i - +0 pair of gloves {Str+3}
MR       +....                  (no boots)
Stlth    ++++......             A - amulet of the acrobat
HPRegen  0.18/turn              z - ring of see invisible
MPRegen  0.21/turn              B - ring of stealth

@: no status effects
A: no striking features
a: Renounce Religion


You were on level 10 of the Dungeon.
You worshipped Vehumet.
Vehumet was pleased with you.
You were not hungry.

You visited 3 branches of the dungeon, and saw 13 of its levels.

You collected 490 gold pieces.
You spent 165 gold pieces at shops.

Inventory:

Hand Weapons
 h - a +2 dagger of venom
Armour
 a - a +0 robe (worn)
 g - a +0 buckler (worn)
 i - a +0 pair of gloves of strength (worn)
 E - a +0 cloak (worn)
Magical Staves
 M - a cursed staff of poison (weapon)
Jewellery
 z - a ring of see invisible (left hand)
 A - an amulet of the acrobat (around neck)
 B - a ring of stealth (right hand)
Wands
 b - a wand of acid (10)
 l - a wand of disintegration (11)
 u - a wand of paralysis (18)
 C - a wand of flame (20)
 K - a wand of digging (18)
Scrolls
 d - a scroll of teleportation {unknown}
 e - 2 scrolls of enchant weapon
 f - a scroll of immolation {unknown}
 k - 4 scrolls of remove curse
 m - a scroll of enchant armour {unknown}
 y - a scroll of amnesia
 D - 3 scrolls of fog {unknown}
 H - 2 scrolls of brand weapon {unknown}
 I - a scroll of magic mapping {unknown}
 J - 2 scrolls of blinking {unknown}
Potions
 j - 2 potions of curing
 n - 3 potions of haste
 o - a potion of resistance
 p - 5 potions of flight
 q - a potion of mutation
 s - a potion of might
 t - 3 potions of brilliance
 v - 2 potions of agility
 w - 2 potions of ambrosia {unknown}
 x - 2 potions of invisibility {unknown}
 F - 2 potions of lignification
 G - a potion of cancellation {unknown}
Comestibles
 c - 12 rations


   Skills:
 + Level 0.8 Fighting
 - Level 1.0 Short Blades
 + Level 4.9 Dodging
 + Level 4.7 Stealth
 + Level 4.6 Shields
 + Level 12.8 Spellcasting
 + Level 10.1 Conjurations
 + Level 10.6 Fire Magic
 + Level 2.0 Evocations


You had 20 spell levels left.
You knew the following spells:

 Your Spells              Type           Power        Failure   Level  Hunger
a - Flame Tongue          Conj/Fire      #####        1%          1    None
b - Throw Flame           Conj/Fire      ######       1%          2    None
c - Conjure Flame         Conj/Fire      ######..     1%          3    None
d - Sticky Flame          Conj/Fire      ######..     1%          4    None
e - Fireball              Conj/Fire      ######....   1%          5    ###....


Dungeon Overview and Level Annotations

Branches:
Dungeon (11/15)            Temple (1/1) D:7            Lair (1/6) D:10
    Orc (0/2) D:11

Altars:
Ashenzari
Cheibriados
Dithmenos
Elyvilon
Fedhas
Gozag
Hepliaklqana
Kikubaaqudgha
Makhleb
Nemelex Xobeh
Okawaru
Qazlal
Ru
Sif Muna
Trog
Uskayaw
Vehumet
Wu Jian
Xom
Yredelemnul
Zin
The Shining One

Shops:
D:10 [

Annotations:
D:2 Sigmund


Message History

* * * LOW HITPOINT WARNING * * *
The yak barely misses you. x2; The spiny frog stings you!
* * * LOW HITPOINT WARNING * * *
The yak closely misses you.
You climb upwards.
Welcome back to the Dungeon!
There is a staircase to the Lair here.
Okay, then.
You feel much better. The yak barely misses you. You block the yak's attack.
The spiny frog stings you!
* * * LOW HITPOINT WARNING * * *
The yak gores the plant but does no damage.
The yak closely misses you. The yak gores you!
* * * LOW HITPOINT WARNING * * *
As you read the scroll labeled GASTYA MIBAOQY, it crumbles to dust.
It is a scroll of amnesia.
Okay, then.
The yak barely misses you. You block the spiny frog's attack.
You block the yak's attack.
The yak gores the plant.
The yak closely misses you. The yak gores you!
You die...

..#####.#.#.......P.....# ###
........#..P..PPP...P...# #..
..#######....P.P....)...# #.#
#.....#.....PP.P.P.P....# #.#
....)......PP.P..P..P...# #.#
..##.#......P..PPP.P)P..# #..
###.......P.)......P....## #..
..'.<...P..P..PPYPP.PPP..#### #..
..#...[...P...PP@Y..........###..
..###.[.PP.P...FYY..PP.P...>'...#
..###..)...PPP.PPY..PP......##..#
...........PPPP...PPPP..##+###..#
....).)##.PPPP.P..PPP..###......#
....)...(.P....PP.PP...# #####..#
..........PP.P....P..P## #...#...
...............PP.P...# #.#.#...
..#####.....P.....P..## #.#.#.#.


You could see 5 yaks and a spiny frog.

Vanquished Creatures
  A hydra (D:11)
  A two-headed ogre (D:9)
  The ghost of RoseArtemis the Slicer, a novice GrMo of Hepliaklqana (D:8)
  An unseen horror (D:10)
  A manticore (D:11)
  A black mamba (Lair:1)
  A troll (D:11)
  A hornet (D:11)
  2 hippogriffs (D:9)
  11 yaks
  Grum (D:11)
  Menkaure (D:5)
  2 hungry ghosts
  2 porcupines (D:10)
  A water moccasin (D:6)
  3 orc warriors
  4 black bears
  3 sky beasts
  2 ice beasts
  A phantom (D:10)
  4 ogres
  2 centaurs
  2 wolves (D:11)
  A crocodile (D:10)
  5 bullfrogs
  3 scorpions
  11 killer bees
  4 wights (D:10)
  3 howler monkeys
  2 crimson imps
  2 quasits
  2 centaur zombies
  6 hounds
  5 orc priests
  2 bullfrog skeletons (D:10)
  2 jellies
  10 orc wizards
  Ijyb (D:3)
  Natasha (thrice) (D:2)
  3 iguanas
  5 worker ants
  Terence (D:2)
  2 worker ant zombies
  Robin (D:2)
  10 gnolls
  2 howler monkey skeletons
  13 adders
  4 shadow imps
  An ooze (D:7)
  2 adder skeletons
  11 leopard geckos
  32 orcs
  2 giant cockroaches (D:4)
  11 goblins
  9 hobgoblins
  4 jackals
  5 kobolds
  A quokka (D:8)
  2 ball pythons
  2 bats (D:2)
  3 frilled lizards
  A quokka zombie (D:9)
  7 rats
245 creatures vanquished.

Vanquished Creatures (others)
  16 fungi (D:10)
  A plant (D:10)
17 creatures vanquished.

Grand Total: 262 creatures vanquished

Notes
Turn   | Place    | Note
-------+----------+-------------------------------------------
     0 | D:1      | nikopol the Deep Elf Fire Elementalist began the quest for the Orb.
     0 | D:1      | Reached XP level 1. HP: 10/10 MP: 6/6
  1106 | D:2      | Reached XP level 2. HP: 15/15 MP: 6/8
  1232 | D:2      | Noticed Robin
  1376 | D:2      | Noticed Terence
  1545 | D:2      | Reached XP level 3. HP: 5/19 MP: 0/9
  1832 | D:2      | Reached skill level 1 in Shields
  1832 | D:2      | Reached XP level 4. HP: 17/24 MP: 2/11
  1840 | D:2      | Learned a level 2 spell: Throw Flame
  1844 | D:2      | Learned a level 3 spell: Conjure Flame
  1849 | D:2      | Learned a level 4 spell: Sticky Flame
  1922 | D:2      | Killed Terence
  2101 | D:2      | Noticed Natasha
  2108 | D:2      | Killed Natasha
  2186 | D:2      | Noticed Sigmund
  2197 | D:2      | Noticed Natasha
  2558 | D:2      | Killed Natasha
  2558 | D:2      | Reached XP level 5. HP: 22/28 MP: 3/12
  2645 | D:2      | Noticed Natasha
  2652 | D:2      | Killed Natasha
  2652 | D:2      | Reached skill level 4 in Spellcasting
  2926 | D:2      | Killed Robin
  3668 | D:3      | Noticed Ijyb
  3674 | D:3      | Killed Ijyb
  3674 | D:3      | Reached XP level 6. HP: 32/32 MP: 4/14
  4232 | D:3      | Reached skill level 5 in Fire Magic
  4446 | D:3      | Found a hide-covered altar of Uskayaw.
  4886 | D:4      | Reached skill level 5 in Spellcasting
  4888 | D:4      | Reached XP level 7. HP: 25/36 MP: 8/16
  5570 | D:4      | Found a shimmering altar of Xom.
  5721 | D:5      | Entered Level 5 of the Dungeon
  5742 | D:5      | Learned a level 5 spell: Fireball
  6118 | D:5      | Noticed Menkaure
  6746 | D:5      | Reached skill level 6 in Spellcasting
  6746 | D:5      | Reached skill level 5 in Conjurations
  6866 | D:5      | Killed Menkaure
  6866 | D:5      | Reached XP level 8. HP: 41/41 MP: 12/19
  7566 | D:6      | Reached skill level 7 in Spellcasting
  8397 | D:7      | Reached skill level 8 in Spellcasting
  8727 | D:7      | Reached XP level 9. HP: 45/45 MP: 14/23
  9040 | D:7      | Found a snail-covered altar of Cheibriados.
  9486 | D:7      | Found a staircase to the Ecumenical Temple.
  9493 | Temple   | Entered the Ecumenical Temple
  9571 | Temple   | Became a worshipper of Vehumet
 10597 | D:8      | Found a shadowy altar of Dithmenos.
 10652 | D:8      | Noticed RoseArtemis's ghost (novice GrMo)
 10653 | D:8      | Reached skill level 9 in Spellcasting
 10945 | D:8      | Found a shattered altar of Ashenzari.
 10948 | D:8      | Found an ornate altar of the Wu Jian Council.
 10954 | D:8      | Found a bloodstained altar of Trog.
 11386 | D:8      | Killed RoseArtemis's ghost
 11975 | D:9      | Reached skill level 10 in Spellcasting
 11975 | D:9      | Reached XP level 10. HP: 51/51 MP: 18/26
 11984 | D:9      | Reached * piety under Vehumet
 11984 | D:9      | Offered knowledge of Shock by Vehumet.
 12290 | D:9      | Noticed a two-headed ogre
 12299 | D:9      | Killed a two-headed ogre
 12729 | D:10     | Entered Level 10 of the Dungeon
 12880 | D:10     | Reached skill level 11 in Spellcasting
 13251 | D:10     | Found a staircase to the Lair.
 13261 | D:10     | Found Ejuhey Maer's Antique Armour Boutique.
 13264 | D:10     | Noticed an unseen horror
 13283 | D:10     | Killed an unseen horror
 13301 | D:10     | Bought a pair of runed gloves for 165 gold pieces
 13305 | D:10     | Reached ** piety under Vehumet
 13305 | D:10     | Offered knowledge of Throw Frost by Vehumet.
 13324 | D:10     | Reached skill level 12 in Spellcasting
 13906 | D:11     | Reached XP level 11. HP: 55/55 MP: 11/29
 14037 | D:11     | Found a staircase to the Orcish Mines.
 14049 | D:11     | Noticed a six-headed hydra
 14056 | D:11     | Killed a six-headed hydra
 14056 | D:11     | Reached skill level 10 in Fire Magic
 14341 | D:11     | Reached skill level 1 in Short Blades
 14811 | D:11     | Noticed Grum
 14828 | D:11     | Killed Grum
 15391 | Lair:1   | Entered Level 1 of the Lair of Beasts
 15393 | Lair:1   | Reached skill level 10 in Conjurations
 15535 | D:10     | Mangled by a yak

Vault maps used:
D:1:      minmay_arrival_nine_rooms, minmay_misc_feat_square
D:2:      first_ration, grunt_ministairs_10, kennysheep_flooded_box,
          minmay_heptomino_h4, uniq_terence, uniq_natasha, uniq_sigmund,
          uniq_robin
D:3:      lemuel_coloured_pillars_altar, uniq_ijyb
D:4:      lemuel_doored_altar
D:5:      uniq_menkaure
D:7:      cheibriados_altar_1, minmay_temple_entry_nine_rooms
D:8:      grunt_temple_overflow_open, nicolae_dithmenos_through_a_glass_darkly
D:10:     due_lair_maze_entry_diamond, serial_shops, shop
D:11:     david_orc_3, uniq_grum
Temple:   nicolae_temple_elliptical
Lair:1:   infiniplex_staircase_pool, lemuel_fruit_tree

Skill      XL: |  1  2  3  4  5  6  7  8  9 10 11 |
---------------+----------------------------------+-----
Fire Magic     | 4 5 6 7 8 9 10 | 10.6
Shields        | 1 2 3 4 |  4.6
Stealth        | 3 4 |  4.7
Conjurations   | 2 3 4 5 6 8 9 10 | 10.1
Spellcasting   | 4 5 6 8 10 12 | 12.8
Dodging        | 3 4 |  4.9
Evocations     | 2 |  2.0
Short Blades   | 1 |  1.0
Fighting       | |  0.8

Action                   |  1- 3 |  4- 6 |  7- 9 | 10-12 || total
-------------------------+-------+-------+-------+-------++-------
Melee: Unarmed           |     1 |       |       |       ||     1
       Dagger            |       |     1 |     9 |    13 ||    23
 Cast: Flame Tongue      |    48 |    98 |   204 |   176 ||   526
       Throw Flame       |       |     7 |    26 |    11 ||    44
       Conjure Flame     |       |     4 |    13 |    12 ||    29
       Sticky Flame      |       |     5 |    26 |    18 ||    49
       Fireball          |       |       |    10 |    23 ||    33
Evoke: Wand              |       |       |     4 |       ||     4
  Use: Potion            |     1 |       |     1 |     1 ||     3
       Scroll            |       |       |       |    10 ||    10
  Eat: Chunk             |     2 |     8 |    19 |    11 ||    40
       Ration            |       |     1 |     2 |     1 ||     4
Armor: Robe              |       |     2 |     7 |     3 ||    12
Dodge: Dodged            |    17 |     9 |    49 |    51 ||   126
Block: Buckler           |     4 |     2 |    21 |    22 ||    49

Table legend:
 A = Spawn XP
 B = Non-spawn XP
 C = Spawn XP percentage of total XP
 D = Spawn monster count
 E = Non-spawn monster count
 F = Spawn count percentage of total count
 G = Total turns spent on level
                    A         B        C        D         E        F      G
               +---------+---------+-------+---------+---------+-------+---------
         Total |       0 |   15712 |   0.0 |       0 |     245 |   0.0 | 15535
               +---------+---------+-------+---------+---------+-------+---------
           D:1 |       0 |      12 |   0.0 |       0 |       7 |   0.0 |  1492
           D:2 |       0 |     281 |   0.0 |       0 |      34 |   0.0 |  1662
           D:3 |       0 |     304 |   0.0 |       0 |      26 |   0.0 |  1385
           D:4 |       0 |     326 |   0.0 |       0 |      16 |   0.0 |  1661
           D:5 |       0 |     740 |   0.0 |       0 |      21 |   0.0 |  1010
           D:6 |       0 |     726 |   0.0 |       0 |      18 |   0.0 |  1245
           D:7 |       0 |    1102 |   0.0 |       0 |      22 |   0.0 |  1361
           D:8 |       0 |    1645 |   0.0 |       0 |      16 |   0.0 |  1881
           D:9 |       0 |    2822 |   0.0 |       0 |      20 |   0.0 |   926
          D:10 |       0 |    2684 |   0.0 |       0 |      29 |   0.0 |  1277
          D:11 |       0 |    3596 |   0.0 |       0 |      30 |   0.0 |  1518
        Lair:1 |       0 |    1474 |   0.0 |       0 |       6 |   0.0 |    11
               +---------+---------+-------+---------+---------+-------+---------
